 Dungeon Crawl Stone Soup version 0.17-a0-1798-g879a7aa (webtiles) character file.

72 luca467 the Insei (level 4, 35/35 HPs)
             Began as a Demonspawn Monk on Sept 10, 2015.
             Quit the game on level 2 of the Dungeon.
             The game lasted 00:07:09 (2092 turns).

luca467 the Insei (Demonspawn Monk)                 Turns: 2092, Time: 00:07:10

Health: 35/35      AC:  2    Str: 12    XL:     4   Next: 7%
Magic:  4/4        EV: 13    Int: 11    God:
Gold:   54         SH:  0    Dex: 16    Spells: 0 memorised, 3 levels left

rFire  + . .     SeeInvis .       - Unarmed
rCold  . . .     Clarity  .     c - +0 robe
rNeg   . . .     SustAt   .     (no shield)
rPois  +         Gourm    .     (helmet restricted)
rElec  .         Spirit   .     (no cloak)
rCorr  .         Warding  .     (no gloves)
rMut   .         Stasis   .     (no boots)
MR     .....                    (no amulet)
Stlth  ++........               (no ring)
                                r - ring of poison resistance

@: not resistant to hostile enchantments, unstealthy
A: antennae 1, fire resistance 1
a: no special abilities


You were on level 2 of the Dungeon.
You were not hungry.

You visited 1 branch of the dungeon, and saw 2 of its levels.

You collected 54 gold pieces.

Inventory:

Armour
 a - a +0 robe
 c - a +0 robe (worn)
Jewellery
 r - a ring of poison resistance (left hand)
Scrolls
 d - 2 scrolls of remove curse
 g - a scroll of teleportation
 l - a scroll of fear {unknown}
 m - a scroll of fog {unknown}
 n - a scroll of magic mapping {unknown}
 p - a scroll of identify
Potions
 e - a potion of mutation {unknown}
 f - a potion of degeneration {unknown}
 i - a potion of might {unknown}
 j - 2 potions of curing {unknown}
 o - a potion of lignification {unknown}
Comestibles
 b - 2 bread rations
 h - a beef jerky
 k - a meat ration
 q - 3 fruits
 s - 3 chunks of flesh


   Skills:
 + Level 3.3 Fighting
 + Level 3.2 Dodging
 + Level 2.6 Stealth
 * Level 4.1 Unarmed Combat


You had 3 spell levels left.
You didn't know any spells.

Dungeon Overview and Level Annotations

Branches:
Dungeon (2/15)

Altars:
Dithmenos
Zin


Innate Abilities, Weirdness & Mutations

You have a pair of small antennae on your head.
Your flesh is heat resistant.


Message History

You hit the hobgoblin.
The hobgoblin is heavily wounded.
You hit the hobgoblin.
You kill the hobgoblin!
No target in view!
Things that are here:
a club; 11 stones; a hobgoblin corpse You butcher the hobgoblin corpse.
s - 4 chunks of flesh
Things that are here:
a club; 11 stones Eat one of 4 chunks of flesh? (ye/n/q/i?) This raw flesh tastes terrible.
You continue eating. x2
You open the door.
Found a glowing silver altar of Zin and a shadowy altar of Dithmenos.
There is an open door here.
There is a shadowy altar of Dithmenos here.
You kneel at the altar of Dithmenos.
Are you sure you want to abandon this character and quit the game? (Confirm with "yes".)

#### #≈@# ####.#
#..'.# #.##.#
#.#≈_####### ###
#.####.....# #..
#)###.)....########..
#....................
###........########..


There were no monsters in sight!

Vanquished Creatures
  3 adders (D:2)
  2 oozes
  2 worms (D:2)
  A giant cockroach (D:2)
  2 goblins
  6 hobgoblins
  2 ball pythons (D:2)
  5 bats
  2 giant newts (D:2)
  3 kobolds
  4 rats
32 creatures vanquished.

Notes
Turn   | Place    | Note
--------------------------------------------------------------
     0 | D:1      | luca467 the Demonspawn Monk began the quest for the Orb.
     0 | D:1      | Reached XP level 1. HP: 18/18 MP: 1/1
   205 | D:1      | Gained mutation: Your flesh is heat resistant. [demonic ancestry]
   205 | D:1      | Reached XP level 2. HP: 9/24 MP: 2/2
  1070 | D:2      | Reached XP level 3. HP: 13/29 MP: 3/3
  1434 | D:2      | Reached skill level 4 in Unarmed Combat
  1721 | D:2      | Gained mutation: You have a pair of small antennae on your head. [demonic ancestry]
  1721 | D:2      | Reached XP level 4. HP: 12/35 MP: 4/4
  2089 | D:2      | Found a glowing silver altar of Zin.
  2089 | D:2      | Found a shadowy altar of Dithmenos.
  2092 | D:2      | Quit the game

Vault maps used:
D:1:      minmay_arrival_four_circles, solitary_fountain, st_stairs_12
D:2:      gammafunk_temple_overflow_elements, first_bread

Action                   |  1- 3 |  4- 6 || total
-------------------------+-------+-------++-------
Melee: Unarmed           |   124 |     6 ||   130
  Use: Scroll            |       |     3 ||     3
 Stab: Sleeping          |     2 |       ||     2
       Distracted        |     1 |       ||     1
  Eat: Chunk             |     2 |     2 ||     4
